 Dungeon Crawl Stone Soup version 0.31-a0-174-g85c54bcb58 (webtiles) character file.

Game seed: 9457111646394647188

8891 pokeman the Thaumaturge (level 11, -7/62 HPs)
             Began as a Deep Elf Hedge Wizard on June 15, 2023.
             Was a Believer of Vehumet.
             Shot with an arrow by a centaur warrior (20 damage)
             ... on level 8 of the Dungeon on June 16, 2023.
             The game lasted 00:27:59 (9171 turns).

pokeman the Thaumaturge (Deep Elf Hedge Wizard)     Turns: 9171, Time: 00:27:59

Health: -7/62      AC: 11    Str:  7    XL:     11   Next: 15%
Magic:  14/31      EV: 13    Int: 27    God:    Vehumet [**....]
Gold:   495        SH:  0    Dex: 14    Spells: 23/38 levels left

rFire   . . .        O - +0 demon whip (venom)
rCold   + . .        (no shield)
rNeg    . . .        E - +0 steam dragon scales
rPois   .            I - +2 helmet {Int+3}
rElec   .            c - scarf {repulsion}
rCorr   .            v - +0 pair of gloves
SInv    .            e - +0 pair of boots
Will    +....        x - amulet of regeneration
Stlth   ++           L - ring of protection from cold
HPRegen 1.10/turn    B - ring of flight
MPRegen 0.22/turn

%: repel missiles
@: flying
A: no striking features
a: Renounce Religion


You were on level 8 of the Dungeon.
You worshipped Vehumet.
Vehumet was pleased with you.
You visited 2 branches of the dungeon, and saw 9 of its levels.

You collected 495 gold pieces.

Inventory:

Hand Weapons
 b - a +2 dagger of venom
 J - the +9 mace of the Vendetta {freeze, *Slow rC+ Will+++ SInv}
   (You took it off an orc on level 7 of the Dungeon)

   rC:        It protects you from cold.
   SInv:      It lets you see invisible.
   *Slow:     It may slow you when you take damage.
   Will:      It greatly increases your willpower.
 O - a +0 demon whip of venom (weapon)
Missiles
 G - a curare-tipped dart
Armour
 c - a scarf of repulsion (worn)
 e - a +0 pair of boots (worn)
 v - a +0 pair of gloves (worn)
 E - +0 steam dragon scales (worn)
 H - the +0 leather armour of an ice cave {Fly rElec}
   (You found it on level 7 of the Dungeon)

   rElec:     It insulates you from electricity.
   Fly:       It grants you flight.
 I - a +2 helmet of intelligence (worn)
Magical Staves
 Q - a staff of conjuration
Jewellery
 a - a +5 ring of evasion
 o - a +6 ring of strength
 w - a +6 ring of strength
 x - an amulet of regeneration (around neck)
 B - a ring of flight (right hand)
 D - an amulet of faith
 L - a ring of protection from cold (left hand)
Wands
 k - a wand of charming (12)
 l - a wand of polymorph (9)
 n - a wand of flame (33)
 N - a wand of iceblast (13)
Scrolls
 f - 5 scrolls of blinking {unknown}
 h - 2 scrolls of poison {unknown}
 i - 3 scrolls of teleportation {unknown}
 m - 6 scrolls of noise {unknown}
 p - 2 scrolls of enchant weapon {unknown}
 q - 7 scrolls of identify {unknown}
 r - a scroll of fear {unknown}
 s - a scroll of summoning {unknown}
 u - a scroll of enchant armour {unknown}
 y - 3 scrolls of fog {unknown}
 A - a scroll of amnesia {unknown}
Potions
 d - a potion of magic
 g - 2 potions of curing {unknown}
 j - 2 potions of invisibility {unknown}
 t - 5 potions of enlightenment {unknown}
 z - 3 potions of cancellation {unknown}
 C - 2 potions of might {unknown}
 K - 2 potions of heal wounds
 M - a potion of mutation {unknown}
 P - a potion of berserk rage {unknown}
Miscellaneous
 F - a piece from Xom's chessboard (15/15)


   Skills:
 + Level 4.3 Fighting
 - Level 4.0 Armour
 - Level 3.0 Dodging
 - Level 3.0 Stealth
 * Level 14.4 Spellcasting
 + Level 9.3 Conjurations
 + Level 7.7 Summonings
 - Level 1.1 Translocations
 - Level 1.6 Ice Magic
 - Level 1.0 Air Magic
 - Level 1.1 Earth Magic
 - Level 1.2 Poison Magic
 - Level 1.0 Evocations


You had 23 spell levels left.
You knew the following spells:

 Your Spells              Type           Power      Damage    Failure   Level
a - Magic Dart            Conj           100%       1d8       1%          1
b - Mephitic Cloud        Conj/Pois/Air  40%        N/A       1%          3
c - Call Imp              Summ           100%       N/A       1%          2
d - Blink                 Tloc           50%        N/A       2%          2
e - Summon Ice Beast      Ice/Summ       44%        N/A       4%          4
f - Stone Arrow           Conj/Erth      94%        3d12      1%          3

Your spell library contained the following spells:

 Spells                   Type           Power      Damage    Failure   Level
 Slow                     Hex            76%        N/A       2%          1
 Cigotuvi's Dreadful Rot  Necr/Pois/Air  46%        N/A       3%          2
 Portal Projectile        Hex/Tloc       44%        N/A       7%          3
 Confusing Touch          Hex            19%        N/A       9%          3
 Tukima's Dance           Hex            19%        N/A       9%          3
 Vampiric Draining        Necr           19%        2d7       9%          3
 Summon Mana Viper        Hex/Summ       40%        N/A       16%         5
 Blade Hands              Tmut           9%         N/A       58%         5
 Monstrous Menagerie      Summ           28%        N/A       67%         7


Dungeon Overview and Level Annotations

Branches:
Dungeon (8/15)             Temple (1/1) D:5
   Lair: D:8-11

Altars:
Ashenzari
Cheibriados
Dithmenos
Fedhas
Gozag
Hepliaklqana
Kikubaaqudgha
Makhleb
Nemelex Xobeh
Okawaru
Qazlal
Ru
Sif Muna
Trog
Uskayaw
Vehumet
Wu Jian
Xom
Yredelemnul
Zin
The Shining One

Shops:
D:3 =


Message History

The killer bee stings itself!
Your ice beast hits the bullfrog.
Your ice beast freezes the bullfrog!
The bullfrog dies!
Vehumet accepts your kill.
Unknown command.
You closely miss the killer bee.
The killer bee is severely wounded.
Something barely misses you. Something hits you.
The killer bee is engulfed in noxious fumes.
The killer bee appears confused.
Your ice beast hits the efreet.
Your ice beast freezes the efreet!!
The efreet is frozen!
Unknown command.
Unknown command.
You closely miss something.
The killer bee is engulfed in noxious fumes.
The killer bee appears confused.
The killer bee stings something.
Something hits you but does no damage. The efreet gestures at you.
The bolt of fire hits you!!
* * * LOW HITPOINT WARNING * * *
The killer bee is engulfed in noxious fumes.
The killer bee appears confused.
The killer bee barely misses something.
Your ice beast hits the efreet but does no damage.
Casting: Mephitic Cloud (safe; 1% risk of failure)
Confirm with . or Enter, or press ? or * to list all spells.
You blink.
Your ice beast hits the efreet.
Your ice beast freezes the efreet!!
The efreet is frozen!
The efreet dies!
Vehumet accepts your kill.
Unknown command.
Something hits the killer bee!
The killer bee is killed!
Vehumet accepts your kill.
You feel your power returning.
The deep elf pyromancer gestures wildly while chanting.
A centaur warrior and an orc warrior come into view.
You feel stable enough to blink again.
The centaur warrior wields a +0 orcbow.
The centaur warrior shoots an arrow.
The arrow hits you!!
You die...

## ##. .# .. #.. #.# #'##
####.# #.... oc .....#
#.#. #. ####.# #.. ##.
.....####.# #..#####
###.....#.# #.#@..!#
###.#...##.#.{##Y##
#...........†)#####
########..#######.#.#.# #
.....##...#P.R.P#e#..##.#
####.##...#.###○#[#...#.#
...#.##...#.'W#.'|Y#.#..#
##.#.##...#.###.#.##..# #
.. #.##...#P... #.##.#..#


You could see a centaur warrior, an orc warrior (wandering) and a friendly ice
beast (summoned).

Vanquished Creatures
  Amaemon (D:8)
  2 cyclopes (D:7)
  Psyche (D:8)
  Grinder (D:5)
  Sigmund (D:3)
  2 wraiths
  A vampire mosquito (D:7)
  2 steam dragons
  A water moccasin (D:7)
  2 orc warriors
  5 ice beasts
  A black bear (D:6)
  A sky beast (D:7)
  4 phantoms
  2 kobold brigands
  3 bullfrogs
  A gnoll sergeant (D:7)
  2 scorpions (D:7)
  A wight (D:7)
  A killer bee (D:8)
  4 howler monkeys
  5 jellies
  A hound (D:4)
  A gnoll bouda (D:7)
  5 orc priests
  9 orc wizards
  3 iguanas
  3 sleepcaps
  Terence (D:2)
  Robin (D:2)
  7 adders
  2 ufetubi
  A worm (D:4)
  4 dart slugs
  22 orcs
  8 ball pythons
  4 endoplasms
  2 giant cockroaches
  20 goblins
  7 hobgoblins
  2 jackals (D:4)
  5 quokkas
  6 bats
  7 frilled lizards
  13 kobolds
  9 rats
187 creatures vanquished.

Vanquished Creatures (collateral kills)
  A two-headed ogre (D:7)
  A harpy (shapeshifter) (D:8)
  An ugly thing (D:7)
  A cyclops (D:7)
  An orange demon (D:8)
  A komodo dragon (D:7)
  An efreet (D:8)
  A wyvern (D:7)
  A steam dragon (D:7)
  2 acid dragons (D:7)
  An ice beast (D:7)
  A bullfrog (D:8)
  A jelly (D:7)
  A sleepcap (D:6)
  An orc wizard (D:8)
  3 gnolls (D:7)
  A kobold (D:7)
20 creatures vanquished.

Grand Total: 207 creatures vanquished

Notes
Turn   | Place    | Note
-------+----------+-------------------------------------------
     0 | D:1      | pokeman the Deep Elf Hedge Wizard began the quest for the
                  | Orb.
     0 | D:1      | Reached XP level 1. HP: 10/10 MP: 7/7
   280 | D:1      | Reached XP level 2. HP: 12/16 MP: 1/9
   701 | D:1      | Reached skill level 5 in Spellcasting
  1021 | D:1      | Reached XP level 3. HP: 20/20 MP: 9/11
  1029 | D:1      | Learned a level 3 spell: Mephitic Cloud
  1032 | D:1      | Learned a level 2 spell: Call Imp
  1035 | D:1      | Learned a level 2 spell: Blink
  1570 | D:2      | Reached skill level 1 in Armour
  1658 | D:2      | Reached skill level 1 in Fighting
  1782 | D:2      | Noticed Robin
  1783 | D:2      | Reached XP level 4. HP: 25/25 MP: 9/13
  1803 | D:2      | Killed Robin
  2151 | D:2      | Noticed Terence
  2161 | D:2      | Killed Terence
  2162 | D:2      | Reached skill level 6 in Spellcasting
  2162 | D:2      | Reached XP level 5. HP: 29/29 MP: 7/15
  2219 | D:2      | Found a faded altar of an unknown god.
  2712 | D:3      | Found Eceudwix's Jewellery Shoppe.
  2805 | D:3      | Noticed Sigmund
  2813 | D:3      | Killed Sigmund
  2814 | D:3      | Reached XP level 6. HP: 34/34 MP: 11/17
  3253 | D:3      | Reached skill level 5 in Conjurations
  3268 | D:3      | Reached skill level 1 in Poison Magic
  3591 | D:4      | Reached skill level 1 in Air Magic
  3591 | D:4      | Reached skill level 1 in Evocations
  4108 | D:5      | Entered Level 5 of the Dungeon
  4126 | D:5      | Reached XP level 7. HP: 24/38 MP: 12/19
  4186 | D:5      | Reached skill level 7 in Spellcasting
  4543 | D:5      | Noticed Grinder
  4566 | D:5      | Killed Grinder
  4567 | D:5      | Reached skill level 8 in Spellcasting
  4748 | D:5      | Found a staircase to the Ecumenical Temple.
  4758 | D:5      | Reached XP level 8. HP: 42/44 MP: 14/22
  4763 | Temple   | Entered the Ecumenical Temple
  4857 | Temple   | Became a worshipper of Vehumet
  5278 | D:6      | Reached skill level 9 in Spellcasting
  6186 | D:6      | Reached * piety under Vehumet
  6186 | D:6      | Offered knowledge of Sandblast by Vehumet.
  6318 | D:6      | Reached skill level 10 in Spellcasting
  6447 | D:6      | Reached XP level 9. HP: 50/50 MP: 25/25
  7045 | D:7      | Noticed a cyclops
  7083 | D:7      | Killed a cyclops
  7084 | D:7      | Reached skill level 11 in Spellcasting
  7084 | D:7      | Reached skill level 5 in Summonings
  7236 | D:7      | Identified the +0 leather armour of an ice cave {Fly rElec}
  7260 | D:7      | Learned a level 4 spell: Summon Ice Beast
  7291 | D:7      | Offered knowledge of Static Discharge by Vehumet.
  7301 | D:7      | Reached ** piety under Vehumet
  7310 | D:7      | Noticed a cyclops
  7328 | D:7      | Killed a cyclops
  7329 | D:7      | Reached skill level 1 in Ice Magic
  7348 | D:7      | Reached skill level 12 in Spellcasting
  7493 | D:7      | Noticed a white ugly thing
  7514 | D:7      | Noticed a cyclops
  7693 | D:7      | Noticed a two-headed ogre
  7696 | D:7      | Reached XP level 10. HP: 56/56 MP: 25/28
  7708 | D:7      | Killed a two-headed ogre
  7817 | D:7      | Identified the +9 mace of the Vendetta {freeze, *Slow rC+
                  | Will+++ SInv}
  7817 | D:7      | Identified the +7 plate armour of Noon {Int+5 Dex-5}
  7949 | D:7      | Killed a white ugly thing
  7950 | D:7      | Reached skill level 13 in Spellcasting
  8160 | D:7      | Killed a cyclops
  8583 | D:8      | Noticed Psyche
  8641 | D:8      | Killed Psyche
  8793 | D:8      | Found an iron altar of Okawaru.
  8794 | D:8      | Found a broken altar of Ashenzari.
  8809 | D:8      | Offered knowledge of Stone Arrow by Vehumet.
  8815 | D:8      | Learned a level 3 spell: Stone Arrow
  8961 | D:8      | Noticed Amaemon
  8961 | D:8      | Noticed an orange demon
  8977 | D:8      | Killed an orange demon
  8978 | D:8      | Reached skill level 14 in Spellcasting
  8988 | D:8      | Killed Amaemon
  8989 | D:8      | Reached skill level 1 in Earth Magic
  8989 | D:8      | Reached XP level 11. HP: 43/61 MP: 20/31
  9152 | D:8      | Noticed a deep elf pyromancer
  9152 | D:8      | Noticed a harpy
  9160 | D:8      | Killed a harpy
  9171 | D:8      | Noticed a centaur warrior
  9171 | D:8      | Shot with an arrow by a centaur warrior

Illustrated notes

Levels and vault maps discovered:
D:1:      tarquinn_simple_flora_water_a, layout_basic
D:2:      layout_loops_ring, shapermc_ecumenical_altar_flowoftime, uniq_terence,
          uniq_robin
D:3:      layout_basic, serial_shops,
          nicolae_shop_temple_entry_statues_fountains,
          dreamdust_mushroom_princess, grunt_decor_one_mirror, uniq_sigmund
D:4:      layout_basic
D:5:      layout_cave_pools, temple_green, uniq_grinder
D:6:      layout_gridville
D:7:      minmay_the_grid_octo_triangle [minmay_the_grid_octo_fat_diamond,
          minmay_the_grid_octo_prize_square_snowflake,
          minmay_the_grid_octo_focus], layout_gridville, minmay_misc_feat_tower,
          hellmonk_bongcloud_opening
D:8:      layout_basic, jmf_multi_god_temple, hangedman_decor_clover_reticule,
          minmay_shattered_shrine, uniq_psyche, uniq_amaemon
Temple:   nicolae_temple_bog_church

Skill      XL: |  1  2  3  4  5  6  7  8  9 10 |
---------------+-------------------------------+-----
Spellcasting   | 5 6 8 10 12 14 | 14.4
Conjurations   | 2 4 5 6 7 9 |  9.3
Armour         | 1 2 3 4 |  4.0
Fighting       | 1 2 3 4 |  4.3
Dodging        | 3 |  3.0
Stealth        | 3 |  3.0
Poison Magic   | 1 |  1.2
Air Magic      | 1 |  1.0
Evocations     | 1 |  1.0
Summonings     | 3 4 6 7 |  7.7
Ice Magic      | 1 |  1.6
Earth Magic    | 1 |  1.1
Translocations | |  1.1

Action                     |  1- 3 |  4- 6 |  7- 9 | 10-12 || total
---------------------------+-------+-------+-------+-------++-------
  Melee: Dagger            |    10 |    58 |   143 |    81 ||   292
         Punch             |       |       |     1 |     1 ||     2
         Demon whip        |       |       |       |     8 ||     8
   Cast: Magic Dart        |   101 |    83 |   200 |    57 ||   441
         Mephitic Cloud    |       |     8 |    25 |    18 ||    51
         Call Imp          |       |     2 |     9 |       ||    11
         Blink             |       |       |     5 |     3 ||     8
         Summon Ice Beast  |       |       |     2 |    15 ||    17
  Evoke: Wand              |       |       |     6 |     6 ||    12
   Stab: Sleeping          |     1 |     1 |       |       ||     2
         Confused          |       |     8 |    15 |    12 ||    35
         Distracted        |       |       |     1 |     3 ||     4
 Armour: Robe              |     4 |     9 |    40 |       ||    53
         Steam dragon scal |       |       |    25 |    34 ||    59
  Dodge: Dodged            |    12 |    28 |   144 |    59 ||   243

Table legend: (Time is in decaauts)
 A = Elapsed time spent in this place.
 B = Non-inter-level travel time spent in this place.
 C = Inter-level travel time spent in this place.
 D = Time resting spent in this place.
 E = Time spent auto-exploring this place.
 F = Levels seen in this place.
 G = Mean time per level.
                   A        B        C        D        E       F      G
               +--------+--------+--------+--------+--------+-----+--------+
         Total |   9194 |   8917 |    277 |    434 |   6640 |   9 | 1021.6 |
       Dungeon |   9082 |   8815 |    267 |    434 |   6559 |   8 | 1135.2 |
        Temple |    112 |    102 |     10 |      0 |     81 |   1 |  112.0 |
               +--------+--------+--------+--------+--------+-----+--------+

Top non-repeatable levels by time:
     D:7: 1699 daAuts
     D:6: 1581 daAuts
     D:1: 1357 daAuts
     D:2: 1087 daAuts
     D:3: 1066 daAuts
     D:5: 991 daAuts
     D:4: 684 daAuts
     D:8: 614 daAuts
  Temple: 112 daAuts
